 Dungeon Crawl Stone Soup version 0.26-a0-969-g2c58977ddd (webtiles) character file.

Game seed: 13204530547077756155

1928 Jerej03 the Conjurer (level 8, -1/61 HPs)
             Began as a Yellow Draconian Conjurer on Dec 4, 2020.
             Was an Initiate of Sif Muna.
             Slain by a troll (7 damage)
             ... on level 8 of the Dungeon.
             The game lasted 01:08:13 (7512 turns).

Jerej03 the Conjurer (Yellow Draconian Conjurer)    Turns: 7512, Time: 01:08:15

Health: -1/61      AC:  6    Str: 10    XL:     8   Next: 96%
Magic:  9/17       EV: 13    Int: 20    God:    Sif Muna [......]
Gold:   427        SH:  0    Dex: 10    Spells: 5/20 levels left

rFire    . . .     SeeInvis .   w - +2 rapier (drain)
rCold    . . .     Faith    .   (no shield)
rNeg     + . .     Spirit   .   (armour unavailable)
rPois    .         Reflect  .   (helmet restricted)
rElec    .         Harm     .   (no cloak)
rCorr    +         Rampage  .   (no gloves)
MR       .....                  (no boots)
Stlth    ++........             b - amulet of magic regeneration
HPRegen  0.20/turn              c - ring of wizardry
MPRegen  0.40/turn              r - ring of positive energy

@: no status effects
A: spit acid, unfitting armour, cold-blooded, acid resistance, AC +6
a: Breathe Acid, Renounce Religion


You were on level 8 of the Dungeon.
You worshipped Sif Muna.
Sif Muna was noncommittal.
You visited 2 branches of the dungeon, and saw 9 of its levels.

You collected 427 gold pieces.

Inventory:

Hand Weapons
 i - a +2 vorpal glaive
 s - a +1 mace of flaming
 v - a +2 dagger of venom
 w - a +2 rapier of draining (weapon)
Jewellery
 b - an amulet of magic regeneration (around neck)
 c - a ring of wizardry (left hand)
 h - an uncursed ring of poison resistance
 p - an uncursed amulet of faith
 r - a ring of positive energy (right hand)
Scrolls
 e - a scroll of enchant armour
 f - a scroll of immolation
 k - 2 scrolls of magic mapping
 l - 6 scrolls of remove curse
 o - 3 scrolls of identify
 t - a scroll of enchant weapon {unknown}
 x - 2 scrolls of blinking {unknown}
Potions
 a - a potion of invisibility {unknown}
 d - 2 potions of might
 g - 5 potions of berserk rage {unknown}
 j - a potion of haste {unknown}
 m - 2 potions of cancellation {unknown}
 n - a potion of degeneration {unknown}
 q - 4 potions of curing
 u - 2 potions of ambrosia {unknown}
 B - a potion of flight {unknown}
 C - a potion of mutation {unknown}
 E - a potion of lignification {unknown}


   Skills:
 + Level 2.0 Fighting
 + Level 1.2 Short Blades
 + Level 1.6 Maces & Flails
 + Level 1.3 Polearms
 + Level 3.7 Dodging
 + Level 4.0 Stealth
 + Level 6.5 Spellcasting
 + Level 7.9 Conjurations
 + Level 0.6 Translocations


You had 5 spell levels left.
You knew the following spells:

 Your Spells              Type           Power        Failure   Level
a - Magic Dart            Conj           ####         1%          1
b - Searing Ray           Conj           #####.       1%          2
c - Iskenderun's Mystic   Conj/Tloc      ###.....     7%          4
d - Conjure Flame         Conj/Fire      ###.....     2%          3
e - Iskenderun's Battles  Conj           #####...     4%          5

Your spell library contained the following spells:

 Spells                   Type           Power        Failure   Level
 Dazzling Flash           Conj/Hex       ###...       2%          3
 Mephitic Cloud           Conj/Pois/Air  ###.....     4%          3
 Poisonous Vapours        Pois/Air       #.....       6%          2
 Fulminant Prism          Conj/Hex       ###.......   8%          4
 Bolt of Magma            Conj/Fire/Erth ###.......   34%         5
 Iron Shot                Conj/Erth      ###.......   71%         6
 Orb of Destruction       Conj           #####.....   75%         7
 Freezing Cloud           Conj/Ice/Air   ###.......   87%         6
 Spellforged Servitor     Conj/Summ      ###.......   99%         7


Dungeon Overview and Level Annotations

Branches:
Dungeon (8/15)             Temple (1/1) D:7
   Lair: D:8-11

Altars:
Ashenzari
Cheibriados
Dithmenos
Elyvilon
Fedhas
Gozag
Hepliaklqana
Kikubaaqudgha
Makhleb
Nemelex Xobeh
Okawaru
Qazlal
Ru
Sif Muna
Trog
Uskayaw
Vehumet
Wu Jian
Xom
Yredelemnul
Zin
The Shining One

Annotations:
D:3 3 runed translucent doors, anything's ghost, amateur DgGl


Innate Abilities, Weirdness & Mutations

You can spit globs of acid.
Your golden yellow scales are hard. (AC +6)
You cannot fit into any form of body armour.
You are cold-blooded and may be slowed by cold attacks.
You are resistant to acid. (rCorr)


Message History

The searing ray misses the troll.
You finish channeling your searing ray.
The troll bites you. The troll barely misses you. The troll claws you!
The troll bites you.
* * * LOW HITPOINT WARNING * * *
The troll claws you.
* * * LOW HITPOINT WARNING * * *
The troll claws you.
* * * LOW HITPOINT WARNING * * *
The troll bites you but does no damage. The troll claws you but does no damage.
The troll closely misses you.
You feel better. The troll barely misses you. The troll claws you.
* * * LOW HITPOINT WARNING * * *
The troll misses you.
Casting: Searing Ray (safe; 1% risk of failure)
Confirm with . or Enter, or press ? or * to list all spells.
You erupt in a blast of force!
The mystic blast misses the troll.
The troll bites you!
* * * LOW HITPOINT WARNING * * *
The troll claws you!
You die...

#######.#
........#
........#
#####...# #...#
#...# #...# #
#.#########.#.#
#....@T....<..#
###########.#.#
#####


You could see a troll.

Vanquished Creatures
  Grinder (D:6)
  Eustachio (D:5)
  An orc warrior (D:6)
  A phantom (D:4)
  2 ogres
  A centaur (D:6)
  Blork the orc (D:5)
  2 bullfrogs (D:7)
  3 scorpions
  3 killer bees (D:7)
  A bullfrog skeleton (D:6)
  A bullfrog zombie (D:7)
  2 jellies
  An orc priest (D:7)
  2 hounds (D:5)
  2 orc wizards
  A centaur skeleton (D:4)
  4 worker ants
  An iguana (D:6)
  A worker ant zombie (D:6)
  7 gnolls
  8 adders
  A shadow imp (D:7)
  An adder zombie (D:5)
  3 worms
  2 dart slugs (D:2)
  8 leopard geckos
  12 orcs
  4 giant cockroaches
  7 goblins
  9 hobgoblins
  15 jackals
  2 quokkas
  A ball python (D:6)
  3 bats (D:1)
  2 frilled lizards (D:1)
  A giant cockroach zombie (D:5)
  A kobold (D:2)
  A leopard gecko skeleton (D:7)
  4 rats
124 creatures vanquished.

Vanquished Creatures (others)
  A bush (D:6)
1 creature vanquished.

Grand Total: 125 creatures vanquished

Notes
Turn   | Place    | Note
-------+----------+-------------------------------------------
     0 | D:1      | Jerej03 the Draconian Conjurer began the quest for the Orb.
     0 | D:1      | Reached XP level 1. HP: 14/14 MP: 3/3
   478 | D:1      | Reached XP level 2. HP: 20/20 MP: 1/5
  1035 | D:2      | Reached XP level 3. HP: 24/27 MP: 3/6
  1082 | D:2      | Learned a level 2 spell: Searing Ray
  1184 | D:2      | Reached skill level 5 in Conjurations
  1184 | D:2      | Reached XP level 4. HP: 34/34 MP: 2/7
  1616 | D:2      | Found an iron altar of Okawaru.
  1628 | D:2      | Learned a level 4 spell: Iskenderun's Mystic Blast
  1837 | D:3      | Noticed anything's ghost (amateur DgGl)
  2204 | D:3      | Found a runed translucent gate.
  2204 | D:3      | Found a runed translucent gate.
  2206 | D:3      | Found a runed translucent gate.
  2493 | D:4      | Noticed a phantom
  2547 | D:4      | Reached XP level 5. HP: 25/39 MP: 3/9
  2927 | D:4      | Noticed an ogre
  2933 | D:4      | Killed an ogre
  3231 | D:4      | Reached XP level 6. HP: 46/46 MP: 7/11
  3598 | D:4      | Reached skill level 1 in Maces & Flails
  3598 | D:4      | Reached skill level 6 in Conjurations
  3662 | D:5      | Entered Level 5 of the Dungeon
  3817 | D:5      | Reached skill level 1 in Fighting
  3930 | D:5      | Noticed Eustachio
  3982 | D:5      | Killed Eustachio
  3983 | D:5      | Your scales start taking on a golden yellow colour.
  3983 | D:5      | Reached XP level 7. HP: 52/52 MP: 7/13
  3983 | D:5      | Gained mutation: You are resistant to acid. (rCorr) [Yellow
                  | Draconian growth]
  4187 | D:5      | Noticed Blork the orc
  4218 | D:5      | Killed Blork the orc
  4895 | D:6      | Noticed Grinder
  4906 | D:6      | Killed Grinder
  4907 | D:6      | Reached skill level 5 in Spellcasting
  4907 | D:6      | Reached skill level 7 in Conjurations
  4907 | D:6      | Reached XP level 8. HP: 59/59 MP: 8/15
  6189 | D:7      | Learned a level 3 spell: Conjure Flame
  6209 | D:7      | Found a staircase to the Ecumenical Temple.
  6222 | D:7      | Learned a level 5 spell: Iskenderun's Battlesphere
  6262 | Temple   | Entered the Ecumenical Temple
  6646 | Temple   | Became a worshipper of Sif Muna the Loreminder
  6791 | D:7      | Reached skill level 1 in Polearms
  7047 | D:7      | Reached skill level 1 in Short Blades
  7466 | D:8      | Noticed a troll
  7512 | D:8      | Slain by a troll

Illustrated notes

Levels and vault maps discovered:
D:1:      lightli_iron_boxes, layout_basic, hex_medium
D:2:      layout_loops_cross, lemuel_crystal_altar, minmay_tetromino_i4
D:3:      layout_basic, gammafunk_ghost_icy, minmay_curled_crystal
D:4:      layout_loops_corners
D:5:      layout_loops_corners, uniq_blork_the_orc, uniq_eustachio
D:6:      layout_loops_ring, kb_lookout_dungeons_type, uniq_grinder
D:7:      layout_loops_corners, minmay_temple_entry_offerings, grunt_ogre_cave
D:8:      layout_basic, erik_lair_island
Temple:   nicolae_temple_the_god_donut

Skill      XL: |  1  2  3  4  5  6  7  8 |
---------------+-------------------------+-----
Dodging        | 2 3 |  3.7
Conjurations   | 5 6 7 |  7.9
Stealth        | 2 3 4 |  4.0
Spellcasting   | 3 4 5 6 |  6.5
Maces & Flails | 1 |  1.6
Fighting       | 1 2 |  2.0
Polearms       | 1 |  1.3
Short Blades   | 1 |  1.2
Translocations | |  0.6

Action                   |  1- 3 |  4- 6 |  7- 9 || total
-------------------------+-------+-------+-------++-------
Melee: Unarmed           |     9 |       |       ||     9
       Whip              |       |     9 |       ||     9
       Mace              |       |     1 |       ||     1
       Glaive            |       |       |    15 ||    15
       Rapier            |       |       |    12 ||    12
       Tailslap          |       |       |     2 ||     2
 Cast: Magic Dart        |    45 |    84 |   105 ||   234
       Searing Ray       |     6 |    14 |    30 ||    50
       Iskenderun's Myst |       |     3 |     6 ||     9
       Conjure Flame     |       |       |     1 ||     1
 Abil: Breathe Acid      |       |       |     1 ||     1
  Use: Scroll            |       |     6 |     7 ||    13
       Potion            |       |       |     2 ||     2
 Stab: Sleeping          |       |       |     1 ||     1
Armor: Skin              |    12 |     6 |    28 ||    46
Dodge: Dodged            |    30 |    25 |    67 ||   122

Table legend: (Time is in decaauts)
 A = Elapsed time spent in this place.
 B = Non-inter-level travel time spent in this place.
 C = Inter-level travel time spent in this place.
 D = Time resting spent in this place.
 E = Time spent auto-exploring this place.
 F = Levels seen in this place.
 G = Mean time per level.
                   A        B        C        D        E       F      G
               +--------+--------+--------+--------+--------+-----+--------+
         Total |   7517 |   7359 |    158 |    346 |   5767 |   9 |  835.2 |
       Dungeon |   7121 |   6974 |    147 |    346 |   5482 |   8 |  890.1 |
        Temple |    395 |    384 |     11 |      0 |    285 |   1 |  395.0 |
               +--------+--------+--------+--------+--------+-----+--------+

Top non-repeatable levels by time:
     D:4: 1234 daAuts
     D:5: 1205 daAuts
     D:7: 1203 daAuts
     D:1: 999 daAuts
     D:6: 981 daAuts
     D:2: 743 daAuts
     D:3: 680 daAuts
  Temple: 395 daAuts
     D:8: 72 daAuts
